WCHLSIM.com - West Coast Hockey League
html PUBLIC "-//W3C//DTD XHTML 1.0 Transitional//EN" "http://www.w3.org/TR/xhtml1/DTD/xhtml1-transitional.dtd"> WCHL - Game 321 - SAN FRANCISCO SPIDERS vs NORTH DAKOTA HAWKS

SAN FRANCISCO SPIDERS vs NORTH DAKOTA HAWKS

Created - 28 novembre 2023 at 21:58

Goals
1 2 3 T
SAN FRANCISCO SPIDERS 1 1 3 5
NORTH DAKOTA HAWKS 0 1 1 2
Shots
1 2 3 T
SAN FRANCISCO SPIDERS 10 16 17 43
NORTH DAKOTA HAWKS 6 10 9 25

1st period

1. SAN FRANCISCO SPIDERS , Sebastian Aho 8 (Brenden Dillon 7, Jared McCann 9) at 12:58 (PP)

Penalties :
Jacob Middleton (SAF) for Hooking (Minor) at 1:25, Erik Johnson (NDH) for Delaying the game (Minor) at 4:30, Brenden Dillon (SAF) for Interference (Minor) at 7:41, Linus Ullmark (NDH) for Unsportsmanlike conduct (Minor) at 12:22 - Dillon Dube served the penalty., Ben Hutton (NDH) for Interference (Minor) at 12:22

2nd period

2. NORTH DAKOTA HAWKS , Reyley Smith 9 (Nick Suzuki 21, Jake DeBrusk 15) at 7:09
3. SAN FRANCISCO SPIDERS , Bo Horvat 13 (Zach Hyman 17, Darnell Nurse 11) at 10:35 (PP)

Penalties :
Reyley Smith (NDH) for Tripping (Minor) at 9:01

3rd period

4. SAN FRANCISCO SPIDERS , Zach Hyman 8 (Jared McCann 10, Sebastian Aho 9) at 11:19
5. NORTH DAKOTA HAWKS , Jake DeBrusk 13 (Nick Suzuki 22, Reyley Smith 14) at 13:24
6. SAN FRANCISCO SPIDERS , Viktor Arvidsson 7 (Bo Horvat 18, Michael Anderson 5) at 13:43
7. SAN FRANCISCO SPIDERS , Zach Hyman 9 (Sebastian Aho 10) at 13:51

Penalties :
Dillon Dube (NDH) for Holding (Minor) at 2:06, Jake DeBrusk (NDH) for Roughing (Minor) at 4:39, Andrei Svechnikov (SAF) for Roughing (Minor) at 19:13

Goalie Stats

Igor Shesterkin (SAF), 23 saves from 25 shots - (0,920), W, 12-4-1, 60:00 minutes
Linus Ullmark (NDH), 38 saves from 43 shots - (0,884), L, 16-5-0, 60:00 minutes

Players Stats for SAN FRANCISCO SPIDERS

Player Name              G  A  P  +/- PIM S  H  SB GA TA FO     MP     PP MP  PK MP  
------------------------------------------------------------------------------------
Andrei Svechnikov        0  0  0   0  2   4  5  0  0  0  0/0    19:46   4:25   0:00 
Bo Horvat                1  1  2   0  0   8  0  0  0  0  17/24  23:19   5:05   2:52 
Brenden Dillon           0  1  1   0  2   2  3  2  0  0  0/0    18:59   5:11   1:56 
Dakota Joshua            0  0  0   0  0   0  1  0  0  0  3/5     4:31   0:00   0:00 
Darnell Nurse            0  1  1   0  0   1  0  2  0  0  0/0    26:18   5:14   2:58 
Eeli Tolvanen            0  0  0   0  0   1  1  1  0  0  0/1     9:59   0:00   0:00 
Jacob Middleton          0  0  0   0  2   1  2  1  0  0  0/0    17:41   0:00   1:10 
Jared McCann             0  2  2   1  0   7  0  0  0  0  1/2    20:19   4:25   0:00 
Justin Brazeau           0  0  0   0  0   0  0  0  0  0  0/0     4:31   0:00   0:00 
Kirby Dach               0  0  0   0  0   5  0  0  0  0  4/12    9:59   0:00   0:00 
Kyle Palmieri            0  0  0   0  0   3  0  0  0  0  0/2     9:59   0:00   0:00 
Luke Hughes              0  0  0   0  0   0  0  1  0  0  0/0    10:28   0:00   0:00 
Michael Anderson         0  1  1   1  0   0  2  1  0  0  0/0    23:05   4:19   1:25 
Sean Durzi               0  0  0   1  0   0  1  1  0  0  0/0    23:27   4:16   1:59 
Sebastian Aho            1  2  3   1  0   2  1  0  0  0  22/29  22:11   4:25   1:52 
Trent Frederic           0  0  0   0  0   0  0  0  0  0  0/0     4:31   0:00   0:00 
Viktor Arvidsson         1  0  1   0  0   3  0  1  0  0  0/2    22:19   5:05   1:52 
Zach Hyman               2  1  3   1  0   6  2  0  0  0  4/8    23:51   5:05   2:52 

Players Stats for NORTH DAKOTA HAWKS

Player Name              G  A  P  +/- PIM S  H  SB GA TA FO     MP     PP MP  PK MP  
------------------------------------------------------------------------------------
Alex Belzile             0  0  0   0  0   0  0  0  0  0  5/11    8:20   0:00   2:31 
Ben Hutton               0  0  0  -1  2   0  0  2  0  0  0/0    21:08   2:10   2:32 
Connor Clifton           0  0  0  -1  0   0  1  1  0  0  0/0    14:06   0:00   2:10 
Dillon Dube              0  0  0  -1  2   3  2  0  0  0  1/1    13:02   2:34   0:45 
Emil Bemstrom            0  0  0  -1  0   1  0  0  0  0  0/2    11:54   2:10   0:00 
Erik Johnson             0  0  0  -1  2   0  4  2  0  0  0/0    18:49   0:00   2:54 
Frederick Gaudreau       0  0  0  -1  0   2  0  0  0  0  9/27   16:24   0:00   6:40 
Garnet Hathaway          0  0  0   0  0   1  3  0  0  0  1/1    11:18   0:00   5:29 
Jack Hughes              0  0  0   0  0   3  0  0  0  0  8/18   18:59   3:15   0:00 
Jake DeBrusk             1  1  2   0  2   4  0  0  0  0  0/0    16:59   1:29   1:02 
Jason Robertson          0  0  0   0  0   1  1  0  0  0  1/2    19:25   3:15   0:26 
Joel Hanley              0  0  0  -1  0   0  1  0  0  0  0/0    13:01   0:00   0:34 
Jordan Kyrou             0  0  0   0  0   3  0  0  0  0  0/1    18:59   3:15   0:00 
Mathew Dumba             0  0  0   1  0   0  3  3  0  0  0/0    22:48   0:00   5:25 
Nathan Walker            0  0  0   0  0   1  0  0  0  0  0/0     5:49   0:00   0:00 
Nick Suzuki              0  2  2   0  0   1  1  1  0  0  9/21   17:29   1:29   1:31 
Reyley Smith             1  1  2   0  2   4  2  0  0  0  0/1    15:57   1:29   0:00 
Ryan Lindgren            0  0  0   1  0   1  0  1  0  0  0/0    25:22   2:34   5:25 

3 Stars

1 - Zach Hyman (SAF)
2 - Sebastian Aho (SAF)
3 - Bo Horvat (SAF)

Power Play

SAN FRANCISCO SPIDERS - 2 on 6 Attempt(s) - 33,33%
NORTH DAKOTA HAWKS - 0 on 3 Attempt(s) - 0,00%

Penalty Kill

SAN FRANCISCO SPIDERS - 3 on 3 Attempt(s) - 100,00% - Score 0 goal in Penalty Kill
NORTH DAKOTA HAWKS - 4 on 6 Attempt(s) - 66,67% - Score 0 goal in Penalty Kill

Team Stat

SAN FRANCISCO SPIDERS - Hits : 18 - Faceoff Wins : 51 - Blocked Shots : 10 - Penalty Minutes : 6
NORTH DAKOTA HAWKS - Hits : 18 - Faceoff Wins : 34 - Blocked Shots : 10 - Penalty Minutes : 12

Official

Referees : Tim Mayer and TJ Luxmore
Linesman : Jeff Walker and Bryan Pancich

Game Notes

No Game Note

Finance

Level 1 -- Attendance: 6000 (100,00%) -- Ticket Income 960 000 $
Level 2 -- Attendance: 4744 (94,88%) -- Ticket Income 521 840 $
Level 3 -- Attendance: 2000 (100,00%) -- Ticket Income 180 000 $
Level 4 -- Attendance: 3926 (98,15%) -- Ticket Income 235 560 $
Luxury Box -- Attendance: 912 (91,20%) -- Ticket Income 269 040 $
Total Attendance: 17582 (97,68%)
Total Ticket Income: 2 166 440 $
Other Expense: 21 664 $
Total Income: 2 144 776 $

SAN FRANCISCO SPIDERS

5 vs 5 Forward 
   Center                   Left Wing                Right Wing               Time % Phy DF OF 
 1 Sebastian Aho            Jared McCann             Zach Hyman               35     0   1  4  
 2 Bo Horvat                Andrei Svechnikov        Viktor Arvidsson         35     0   1  4  
 3 Kirby Dach               Eeli Tolvanen            Kyle Palmieri            25     0   3  2  
 4 Dakota Joshua            Trent Frederic           Justin Brazeau           5      0   5  0  

5 vs 5 Defense 
   Defense                  Defense                                           Time % Phy DF OF 
 1 Darnell Nurse            Jacob Middleton                                   35     0   4  1  
 2 Michael Anderson         Sean Durzi                                        35     0   4  1  
 3 Luke Hughes              Brenden Dillon                                    20     0   4  1  
 4 Darnell Nurse            Brenden Dillon                                    10     0   4  1  

PowerPlay Forward 
   Center                   Left Wing                Right Wing               Time % Phy DF OF 
 1 Sebastian Aho            Andrei Svechnikov        Jared McCann             55     0   0  5  
 2 Bo Horvat                Zach Hyman               Viktor Arvidsson         45     0   0  5  

PowerPlay Defense
   Defense                  Defense                                           Time % Phy DF OF 
 1 Darnell Nurse            Brenden Dillon                                    55     0   1  4  
 2 Michael Anderson         Sean Durzi                                        45     0   1  4  

Penalty Kill 4 Players Forward 
   Center                   Wing                     Time % Phy DF OF 
 1 Zach Hyman               Bo Horvat                55     0   5  0  
 2 Sebastian Aho            Viktor Arvidsson         45     0   5  0  

Penalty Kill 4 Players Defense
   Defense                  Defense                  Time % Phy DF OF 
 1 Darnell Nurse            Brenden Dillon           55     0   5  0  
 2 Jacob Middleton          Sean Durzi               45     0   5  0  

Penalty Kill - 3 Players Forward 
   Forward                                           Time % Phy DF OF 
 1 Zach Hyman                                        55     0   5  0  
 2 Bo Horvat                                         45     0   5  0  

Penalty Kill - 3 Players Defense
   Defense                  Defense                  Time % Phy DF OF 
 1 Darnell Nurse            Brenden Dillon           55     0   5  0  
 2 Jacob Middleton          Sean Durzi               45     0   5  0  

4 vs 4 Forward 
   Center                   Wing                     Time % Phy DF OF 
 1 Zach Hyman               Bo Horvat                55     1   2  2  
 2 Sebastian Aho            Viktor Arvidsson         45     1   2  2  

4 vs 4 Defense
   Defense                  Defense                  Time % Phy DF OF 
 1 Darnell Nurse            Brenden Dillon           55     1   2  2  
 2 Michael Anderson         Sean Durzi               45     1   2  2  

Last Minutes Offensive
   Center                   Left Wing                Right Wing               Defense                  Defense                  
   Zach Hyman               Sebastian Aho            Viktor Arvidsson         Darnell Nurse            Brenden Dillon           

Last Minutes Defensive
   Center                   Left Wing                Right Wing               Defense                  Defense                  
   Zach Hyman               Sebastian Aho            Viktor Arvidsson         Darnell Nurse            Brenden Dillon           

Goaltenders
Starting : Igor Shesterkin          
Backup : Kevin Lankinen           

Extra Forwards
Normal : Dakota Joshua, Jared McCann, Zach Hyman - PP : Dakota Joshua, Jared McCann - PK : Zach Hyman
Extra Defensemen
Normal : Michael Anderson, Jacob Middleton, Brenden Dillon - PP : Michael Anderson - PK : Jacob Middleton, Darnell Nurse
Penalty Shots
Zach Hyman, Bo Horvat, Sebastian Aho, Viktor Arvidsson, Andrei Svechnikov
Custom OT Lines Forwards
Zach Hyman, Bo Horvat, Sebastian Aho, Viktor Arvidsson, Andrei Svechnikov, Jared McCann, Dakota Joshua, Kyle Palmieri, Kirby Dach, Eeli Tolvanen
Custom OT Lines Defensemen
Darnell Nurse, Brenden Dillon, Jacob Middleton, Sean Durzi, Michael Anderson

Scratches
Erik Gudbranson (Left Forearm Injury), Trevor Moore (Left Hand Injury)

NORTH DAKOTA HAWKS

5 vs 5 Forward 
   Center                   Left Wing                Right Wing               Time % Phy DF OF 
 1 Jack Hughes              Jason Robertson          Jordan Kyrou             33     0   2  3  
 2 Nick Suzuki              Jake DeBrusk             Reyley Smith             31     0   2  3  
 3 Frederick Gaudreau       Dillon Dube              Emil Bemstrom            23     0   4  1  
 4 Alex Belzile             Nathan Walker            Garnet Hathaway          13     1   4  0  

5 vs 5 Defense 
   Defense                  Defense                                           Time % Phy DF OF 
 1 Ryan Lindgren            Mathew Dumba                                      37     0   5  0  
 2 Ben Hutton               Erik Johnson                                      35     0   5  0  
 3 Joel Hanley              Connor Clifton                                    15     0   5  0  
 4 Joel Hanley              Connor Clifton                                    13     0   5  0  

PowerPlay Forward 
   Center                   Left Wing                Right Wing               Time % Phy DF OF 
 1 Nick Suzuki              Jake DeBrusk             Reyley Smith             65     1   0  4  
 2 Jack Hughes              Jason Robertson          Jordan Kyrou             35     1   0  4  

PowerPlay Defense
   Defense                  Defense                                           Time % Phy DF OF 
 1 Ryan Lindgren            Dillon Dube                                       65     1   0  4  
 2 Ben Hutton               Emil Bemstrom                                     35     1   0  4  

Penalty Kill 4 Players Forward 
   Center                   Wing                     Time % Phy DF OF 
 1 Frederick Gaudreau       Garnet Hathaway          65     0   4  1  
 2 Nick Suzuki              Jake DeBrusk             35     0   4  1  

Penalty Kill 4 Players Defense
   Defense                  Defense                  Time % Phy DF OF 
 1 Ryan Lindgren            Mathew Dumba             65     0   5  0  
 2 Ben Hutton               Erik Johnson             35     0   5  0  

Penalty Kill - 3 Players Forward 
   Forward                                           Time % Phy DF OF 
 1 Frederick Gaudreau                                60     0   5  0  
 2 Nick Suzuki                                       40     0   5  0  

Penalty Kill - 3 Players Defense
   Defense                  Defense                  Time % Phy DF OF 
 1 Ryan Lindgren            Mathew Dumba             60     0   5  0  
 2 Ben Hutton               Erik Johnson             40     0   5  0  

4 vs 4 Forward 
   Center                   Wing                     Time % Phy DF OF 
 1 Jack Hughes              Jason Robertson          55     0   1  4  
 2 Nick Suzuki              Jake DeBrusk             45     0   1  4  

4 vs 4 Defense
   Defense                  Defense                  Time % Phy DF OF 
 1 Ryan Lindgren            Mathew Dumba             55     0   1  4  
 2 Ben Hutton               Erik Johnson             45     0   4  1  

Last Minutes Offensive
   Center                   Left Wing                Right Wing               Defense                  Defense                  
   Nick Suzuki              Jason Robertson          Jordan Kyrou             Jack Hughes              Ryan Lindgren            

Last Minutes Defensive
   Center                   Left Wing                Right Wing               Defense                  Defense                  
   Nick Suzuki              Jake DeBrusk             Reyley Smith             Ryan Lindgren            Mathew Dumba             

Goaltenders
Starting : Linus Ullmark            
Backup : Scott Wedgewood          

Extra Forwards
Normal : Alex Belzile, Emil Bemstrom, Nathan Walker - PP : Frederick Gaudreau, Alex Belzile - PK : Alex Belzile
Extra Defensemen
Normal : Connor Clifton, Erik Johnson, Ben Hutton - PP : Connor Clifton - PK : Connor Clifton, Joel Hanley
Penalty Shots
Jordan Kyrou, Jason Robertson, Jack Hughes, Nick Suzuki, Jake DeBrusk
Custom OT Lines Forwards
Jack Hughes, Jason Robertson, Jordan Kyrou, Nick Suzuki, Jake DeBrusk, Reyley Smith, Frederick Gaudreau, Dillon Dube, Emil Bemstrom, Garnet Hathaway
Custom OT Lines Defensemen
Ryan Lindgren, Erik Johnson, Mathew Dumba, Connor Clifton, Ben Hutton

Scratches
Cale Makar (Torn Left Knee Ligaments Injury), Connor Dewar (Healthy), Nick Blankenburg (Upper Body Injury)

% Time on Ice - SAN FRANCISCO SPIDERS

Lines # - Real PCT - Wanted PCT - Time Play
Normal Forward
1 - 35% - 35% - 15:54
2 - 34% - 35% - 15:22
3 - 22% - 25% - 9:59
4 - 10% - 5% - 4:31
Normal Defense
1 - 36% - 35% - 16:32
2 - 38% - 35% - 17:12
3 - 23% - 20% - 10:28
4 - 3% - 10% - 1:34
PP Forward
1 - 46% - 55% - 4:25
2 - 54% - 45% - 5:05
PP Defense
1 - 55% - 55% - 5:14
2 - 45% - 45% - 4:16
PK Forward
1 - 61% - 55% - 2:52
2 - 39% - 45% - 1:52
PK Defense
1 - 58% - 55% - 2:45
2 - 42% - 45% - 1:59
PK3 Forward
1 - 0% - 55%
2 - 0% - 45%
PK3 Defense
1 - 0% - 55%
2 - 0% - 45%
44 Forward
1 - 0% - 55%
2 - 0% - 45%
44 Defense
1 - 0% - 55%
2 - 0% - 45%
Last Minute Offensive  - 0:00
Last Minute Defensive  - 0:00
Total
Forward - 60:00
Defense - 60:00

% Time on Ice - NORTH DAKOTA HAWKS

Lines # - Real PCT - Wanted PCT - Time Play
Normal Forward
1 - 34% - 33% - 15:44
2 - 32% - 31% - 14:29
3 - 21% - 23% - 9:44
4 - 13% - 13% - 5:49
Normal Defense
1 - 38% - 37% - 17:23
2 - 37% - 35% - 16:49
3 - 14% - 15% - 6:24
4 - 11% - 13% - 5:10
PP Forward
1 - 31% - 65% - 1:29
2 - 69% - 35% - 3:15
PP Defense
1 - 54% - 65% - 2:34
2 - 46% - 35% - 2:10
PK Forward
1 - 83% - 65% - 7:23
2 - 17% - 35% - 1:31
PK Defense
1 - 61% - 65% - 5:25
2 - 39% - 35% - 3:29
PK3 Forward
1 - 100% - 60% - 0:36
2 - 0% - 40% - 0:00
PK3 Defense
1 - 0% - 60% - 0:00
2 - 100% - 40% - 0:36
44 Forward
1 - 0% - 55%
2 - 0% - 45%
44 Defense
1 - 0% - 55%
2 - 0% - 45%
Last Minute Offensive  - 0:00
Last Minute Defensive  - 0:00
Total
Forward - 60:00
Defense - 60:00

Play-by-Play

1st period


0:01 of 1st period - Sebastian Aho wins face-off versus Jack Hughes in neutral zone.
0:06 of 1st period - Shot by Darnell Nurse.
0:06 of 1st period - Stopped by Linus Ullmark without a rebound.
0:07 of 1st period - Bo Horvat wins face-off versus Nick Suzuki in NORTH DAKOTA HAWKS zone.
0:13 of 1st period - Viktor Arvidsson is hit by Erik Johnson and loses puck.
0:26 of 1st period - Erik Johnson is hit by Andrei Svechnikov and loses puck.
1:25 of 1st period - Minor Penalty to Jacob Middleton for Hooking.
1:26 of 1st period - Zach Hyman wins face-off versus Jack Hughes in SAN FRANCISCO SPIDERS zone.
1:48 of 1st period - Shot by Jack Hughes.
1:48 of 1st period - Shot Misses the Net.
1:50 of 1st period - Shot by Jordan Kyrou.
1:50 of 1st period - Stopped by Igor Shesterkin without a rebound.
1:51 of 1st period - Sebastian Aho wins face-off versus Nick Suzuki in SAN FRANCISCO SPIDERS zone.
3:33 of 1st period - Shot by Nathan Walker.
3:33 of 1st period - Stopped by Igor Shesterkin without a rebound.
3:34 of 1st period - Alex Belzile wins face-off versus Kirby Dach in SAN FRANCISCO SPIDERS zone.
3:57 of 1st period - Shot by Kyle Palmieri.
3:57 of 1st period - Stopped by Linus Ullmark without a rebound.
3:58 of 1st period - Sebastian Aho wins face-off versus Jack Hughes in NORTH DAKOTA HAWKS zone.
4:30 of 1st period - Minor Penalty to Erik Johnson for Delaying the game.
4:31 of 1st period - Bo Horvat wins face-off versus Frederick Gaudreau in NORTH DAKOTA HAWKS zone.
4:33 of 1st period - Zach Hyman is hit by Mathew Dumba and loses puck.
6:26 of 1st period - Off-side.
6:27 of 1st period - Frederick Gaudreau wins face-off versus Zach Hyman in neutral zone.
6:52 of 1st period - Shot by Jordan Kyrou.
6:52 of 1st period - Stopped by Igor Shesterkin without a rebound.
6:53 of 1st period - Nick Suzuki wins face-off versus Dakota Joshua in SAN FRANCISCO SPIDERS zone.
7:02 of 1st period - Nick Suzuki is hit by Brenden Dillon.
7:08 of 1st period - Shot by Reyley Smith.
7:08 of 1st period - Shot Misses the Net.
7:41 of 1st period - Minor Penalty to Brenden Dillon for Interference.
7:42 of 1st period - Jack Hughes wins face-off versus Zach Hyman in SAN FRANCISCO SPIDERS zone.
8:38 of 1st period - Jake DeBrusk is hit by Jacob Middleton and loses puck.
9:20 of 1st period - Shot by Jack Hughes.
9:20 of 1st period - Shot Misses the Net.
10:04 of 1st period - Shot by Garnet Hathaway.
10:04 of 1st period - Stopped by Igor Shesterkin without a rebound.
10:05 of 1st period - Nick Suzuki wins face-off versus Eeli Tolvanen in SAN FRANCISCO SPIDERS zone.
10:18 of 1st period - Shot by Jake DeBrusk.
10:18 of 1st period - Stopped by Igor Shesterkin without a rebound.
10:19 of 1st period - Sebastian Aho wins face-off versus Alex Belzile in SAN FRANCISCO SPIDERS zone.
10:34 of 1st period - Shot by Sebastian Aho.
10:34 of 1st period - Shot Misses the Net.
10:44 of 1st period - Shot by Zach Hyman.
10:44 of 1st period - Stopped by Linus Ullmark without a rebound.
10:45 of 1st period - Jack Hughes wins face-off versus Bo Horvat in NORTH DAKOTA HAWKS zone.
11:50 of 1st period - Shot by Sebastian Aho.
11:50 of 1st period - Stopped by Linus Ullmark without a rebound.
11:51 of 1st period - Frederick Gaudreau wins face-off versus Kirby Dach in NORTH DAKOTA HAWKS zone.
12:22 of 1st period - Shot by Kirby Dach.
12:22 of 1st period - Stopped by Linus Ullmark without a rebound.
12:22 of 1st period - Minor Penalty to Linus Ullmark for Unsportsmanlike conduct.
12:22 of 1st period - Minor Penalty to Ben Hutton for Interference.
12:23 of 1st period - Frederick Gaudreau wins face-off versus Sebastian Aho in NORTH DAKOTA HAWKS zone.
12:44 of 1st period - Shot by Andrei Svechnikov.
12:44 of 1st period - Shot Blocked by Erik Johnson.
12:48 of 1st period - Shot by Sebastian Aho.
12:48 of 1st period - Deflect By Jared McCann.
12:48 of 1st period - Stopped by Linus Ullmark with a rebound.
12:50 of 1st period - Shot by Brenden Dillon.
12:50 of 1st period - Stopped by Linus Ullmark with a rebound.
12:58 of 1st period - Shot by Sebastian Aho.
12:58 of 1st period - Goal by Sebastian Aho - SAN FRANCISCO SPIDERS : 1 - NORTH DAKOTA HAWKS : 0.
12:59 of 1st period - Alex Belzile wins face-off versus Zach Hyman in neutral zone.
14:00 of 1st period - Mathew Dumba is hit by Andrei Svechnikov and loses puck.
14:36 of 1st period - Icing by Jordan Kyrou.
14:37 of 1st period - Dakota Joshua wins face-off versus Jack Hughes in NORTH DAKOTA HAWKS zone.
14:43 of 1st period - Jordan Kyrou is hit by Brenden Dillon and loses puck.
14:48 of 1st period - Shot by Jack Hughes.
14:48 of 1st period - Deflect By Jason Robertson.
14:48 of 1st period - Shot Blocked by Brenden Dillon.
15:06 of 1st period - Shot by Jason Robertson.
15:06 of 1st period - Shot Blocked by Luke Hughes.
15:29 of 1st period - Reyley Smith is hit by Brenden Dillon and loses puck.
16:58 of 1st period - Off-side.
16:59 of 1st period - Bo Horvat wins face-off versus Frederick Gaudreau in neutral zone.
16:59 of 1st period - Bo Horvat is hit by Dillon Dube.
17:14 of 1st period - Shot by Emil Bemstrom.
17:14 of 1st period - Shot Misses the Net.
17:28 of 1st period - Shot by Emil Bemstrom.
17:28 of 1st period - Shot Misses the Net.
18:11 of 1st period - Shot by Eeli Tolvanen.
18:11 of 1st period - Deflect By Kirby Dach.
18:11 of 1st period - Stopped by Linus Ullmark without a rebound.
18:12 of 1st period - Sebastian Aho wins face-off versus Alex Belzile in NORTH DAKOTA HAWKS zone.
19:18 of 1st period - Shot by Jason Robertson.
19:18 of 1st period - Stopped by Igor Shesterkin without a rebound.
19:19 of 1st period - Bo Horvat wins face-off versus Frederick Gaudreau in SAN FRANCISCO SPIDERS zone.
19:26 of 1st period - Shot by Bo Horvat.
19:26 of 1st period - Deflect By Andrei Svechnikov.
19:26 of 1st period - Shot Misses the Net.
19:32 of 1st period - Shot by Andrei Svechnikov.
19:32 of 1st period - Stopped by Linus Ullmark with a rebound.
19:40 of 1st period - Shot by Bo Horvat.
19:40 of 1st period - Deflect By Viktor Arvidsson.
19:40 of 1st period - Shot Misses the Net.
Goals for this period are 1 for SAN FRANCISCO SPIDERS vs 0 for NORTH DAKOTA HAWKS.
Shots for this period are 10 for SAN FRANCISCO SPIDERS vs 6 for NORTH DAKOTA HAWKS.

2nd period


0:01 of 2nd period - Jack Hughes wins face-off versus Sebastian Aho in neutral zone.
0:45 of 2nd period - Shot by Jack Hughes.
0:45 of 2nd period - Stopped by Igor Shesterkin without a rebound.
0:46 of 2nd period - Bo Horvat wins face-off versus Nick Suzuki in SAN FRANCISCO SPIDERS zone.
1:23 of 2nd period - Shot by Reyley Smith.
1:23 of 2nd period - Shot Misses the Net.
1:47 of 2nd period - Shot by Dillon Dube.
1:47 of 2nd period - Shot Blocked by Sean Durzi.
1:49 of 2nd period - Shot by Dillon Dube.
1:49 of 2nd period - Deflect By Frederick Gaudreau.
1:49 of 2nd period - Shot Blocked by Michael Anderson.
1:51 of 2nd period - Shot by Dillon Dube.
1:51 of 2nd period - Stopped by Igor Shesterkin with a rebound.
1:53 of 2nd period - Shot by Dillon Dube.
1:53 of 2nd period - Shot Misses the Net.
2:05 of 2nd period - Shot by Emil Bemstrom.
2:05 of 2nd period - Stopped by Igor Shesterkin without a rebound.
2:06 of 2nd period - Jason Robertson wins face-off versus Sebastian Aho in SAN FRANCISCO SPIDERS zone.
2:15 of 2nd period - Shot by Jack Hughes.
2:15 of 2nd period - Stopped by Igor Shesterkin without a rebound.
2:16 of 2nd period - Jack Hughes wins face-off versus Sebastian Aho in SAN FRANCISCO SPIDERS zone.
2:57 of 2nd period - Shot by Jordan Kyrou.
2:57 of 2nd period - Stopped by Igor Shesterkin with a rebound.
3:04 of 2nd period - Off-side.
3:05 of 2nd period - Nick Suzuki wins face-off versus Kirby Dach in neutral zone.
3:39 of 2nd period - Icing by Mathew Dumba.
3:40 of 2nd period - Bo Horvat wins face-off versus Reyley Smith in NORTH DAKOTA HAWKS zone.
3:53 of 2nd period - Shot by Bo Horvat.
3:53 of 2nd period - Shot Blocked by Nick Suzuki.
3:55 of 2nd period - Shot by Sean Durzi.
3:55 of 2nd period - Deflect By Bo Horvat.
3:55 of 2nd period - Shot Blocked by Mathew Dumba.
4:01 of 2nd period - Shot by Viktor Arvidsson.
4:01 of 2nd period - Stopped by Linus Ullmark without a rebound.
4:02 of 2nd period - Jared McCann wins face-off versus Frederick Gaudreau in NORTH DAKOTA HAWKS zone.
4:03 of 2nd period - Shot by Zach Hyman.
4:03 of 2nd period - Deflect By Jared McCann.
4:03 of 2nd period - Stopped by Linus Ullmark without a rebound.
4:04 of 2nd period - Zach Hyman wins face-off versus Frederick Gaudreau in NORTH DAKOTA HAWKS zone.
4:04 of 2nd period - Zach Hyman is hit by Erik Johnson.
4:08 of 2nd period - Shot by Zach Hyman.
4:08 of 2nd period - Shot Misses the Net.
4:36 of 2nd period - Icing by Zach Hyman.
4:37 of 2nd period - Zach Hyman wins face-off versus Jordan Kyrou in SAN FRANCISCO SPIDERS zone.
5:23 of 2nd period - Icing by Joel Hanley.
5:24 of 2nd period - Kirby Dach wins face-off versus Jack Hughes in NORTH DAKOTA HAWKS zone.
5:26 of 2nd period - Kyle Palmieri is hit by Connor Clifton.
5:57 of 2nd period - Shot by Kyle Palmieri.
5:57 of 2nd period - Stopped by Linus Ullmark with a rebound.
5:59 of 2nd period - Shot by Eeli Tolvanen.
5:59 of 2nd period - Stopped by Linus Ullmark with a rebound.
6:01 of 2nd period - Shot by Luke Hughes.
6:01 of 2nd period - Shot Misses the Net.
6:18 of 2nd period - Jack Hughes is hit by Michael Anderson and loses puck.
7:09 of 2nd period - Shot by Reyley Smith.
7:09 of 2nd period - Goal by Reyley Smith - SAN FRANCISCO SPIDERS : 1 - NORTH DAKOTA HAWKS : 1.
7:10 of 2nd period - Zach Hyman wins face-off versus Frederick Gaudreau in neutral zone.
7:37 of 2nd period - Icing by Jacob Middleton.
7:38 of 2nd period - Sebastian Aho wins face-off versus Alex Belzile in SAN FRANCISCO SPIDERS zone.
7:50 of 2nd period - Zach Hyman is hit by Mathew Dumba and loses puck.
7:59 of 2nd period - Shot by Zach Hyman.
7:59 of 2nd period - Shot Hit the Post.
8:29 of 2nd period - Shot by Reyley Smith.
8:29 of 2nd period - Stopped by Igor Shesterkin without a rebound.
8:30 of 2nd period - Frederick Gaudreau wins face-off versus Viktor Arvidsson in SAN FRANCISCO SPIDERS zone.
8:52 of 2nd period - Shot by Emil Bemstrom.
8:52 of 2nd period - Shot Misses the Net.
9:00 of 2nd period - Shot by Frederick Gaudreau.
9:00 of 2nd period - Stopped by Igor Shesterkin without a rebound.
9:01 of 2nd period - Kirby Dach wins face-off versus Nick Suzuki in SAN FRANCISCO SPIDERS zone.
9:01 of 2nd period - Minor Penalty to Reyley Smith for Tripping.
9:02 of 2nd period - Frederick Gaudreau wins face-off versus Bo Horvat in NORTH DAKOTA HAWKS zone.
9:25 of 2nd period - Shot by Zach Hyman.
9:25 of 2nd period - Stopped by Linus Ullmark without a rebound.
9:26 of 2nd period - Sebastian Aho wins face-off versus Frederick Gaudreau in NORTH DAKOTA HAWKS zone.
9:29 of 2nd period - Shot by Sean Durzi.
9:29 of 2nd period - Shot Blocked by Ben Hutton.
9:54 of 2nd period - Shot by Jared McCann.
9:54 of 2nd period - Stopped by Linus Ullmark without a rebound.
9:55 of 2nd period - Frederick Gaudreau wins face-off versus Bo Horvat in NORTH DAKOTA HAWKS zone.
9:55 of 2nd period - Frederick Gaudreau is hit by Zach Hyman.
10:35 of 2nd period - Shot by Bo Horvat.
10:35 of 2nd period - Goal by Bo Horvat - SAN FRANCISCO SPIDERS : 2 - NORTH DAKOTA HAWKS : 1.
10:36 of 2nd period - Nick Suzuki wins face-off versus Kyle Palmieri in neutral zone.
10:49 of 2nd period - Shot by Nick Suzuki.
10:49 of 2nd period - Shot Misses the Net.
11:07 of 2nd period - Shot by Eeli Tolvanen.
11:07 of 2nd period - Shot Misses the Net.
11:53 of 2nd period - Shot by Jason Robertson.
11:53 of 2nd period - Shot Blocked by Eeli Tolvanen.
11:55 of 2nd period - Shot by Erik Johnson.
11:55 of 2nd period - Shot Misses the Net.
12:28 of 2nd period - Shot by Bo Horvat.
12:28 of 2nd period - Stopped by Linus Ullmark without a rebound.
12:29 of 2nd period - Bo Horvat wins face-off versus Frederick Gaudreau in NORTH DAKOTA HAWKS zone.
12:30 of 2nd period - Shot by Andrei Svechnikov.
12:30 of 2nd period - Shot Misses the Net.
12:49 of 2nd period - Frederick Gaudreau is hit by Jacob Middleton and loses puck.
15:08 of 2nd period - Shot by Andrei Svechnikov.
15:08 of 2nd period - Shot Misses the Net.
15:12 of 2nd period - Shot by Andrei Svechnikov.
15:12 of 2nd period - Stopped by Linus Ullmark without a rebound.
15:13 of 2nd period - Frederick Gaudreau wins face-off versus Kirby Dach in NORTH DAKOTA HAWKS zone.
15:13 of 2nd period - Frederick Gaudreau is hit by Eeli Tolvanen.
15:21 of 2nd period - Eeli Tolvanen is hit by Dillon Dube and loses puck.
15:34 of 2nd period - Shot by Kyle Palmieri.
15:34 of 2nd period - Stopped by Linus Ullmark without a rebound.
15:35 of 2nd period - Sebastian Aho wins face-off versus Alex Belzile in NORTH DAKOTA HAWKS zone.
15:42 of 2nd period - Shot by Zach Hyman.
15:42 of 2nd period - Stopped by Linus Ullmark with a rebound.
16:38 of 2nd period - Shot by Bo Horvat.
16:38 of 2nd period - Stopped by Linus Ullmark without a rebound.
16:39 of 2nd period - Kirby Dach wins face-off versus Nick Suzuki in NORTH DAKOTA HAWKS zone.
16:39 of 2nd period - Darnell Nurse is hit by Erik Johnson and loses puck.
16:43 of 2nd period - Icing by Erik Johnson.
16:44 of 2nd period - Bo Horvat wins face-off versus Nick Suzuki in NORTH DAKOTA HAWKS zone.
16:47 of 2nd period - Shot by Bo Horvat.
16:47 of 2nd period - Stopped by Linus Ullmark without a rebound.
16:48 of 2nd period - Bo Horvat wins face-off versus Jason Robertson in NORTH DAKOTA HAWKS zone.
17:03 of 2nd period - Shot by Bo Horvat.
17:03 of 2nd period - Stopped by Linus Ullmark without a rebound.
17:04 of 2nd period - Sebastian Aho wins face-off versus Nick Suzuki in NORTH DAKOTA HAWKS zone.
17:27 of 2nd period - Shot by Jared McCann.
17:27 of 2nd period - Stopped by Linus Ullmark with a rebound.
19:18 of 2nd period - Shot by Dillon Dube.
19:18 of 2nd period - Stopped by Igor Shesterkin with a rebound.
19:26 of 2nd period - Shot by Frederick Gaudreau.
19:26 of 2nd period - Stopped by Igor Shesterkin without a rebound.
19:27 of 2nd period - Sebastian Aho wins face-off versus Alex Belzile in SAN FRANCISCO SPIDERS zone.
19:46 of 2nd period - Shot by Jared McCann.
19:46 of 2nd period - Shot Misses the Net.
19:48 of 2nd period - Shot by Jared McCann.
19:48 of 2nd period - Shot Misses the Net.
19:50 of 2nd period - Shot by Zach Hyman.
19:50 of 2nd period - Stopped by Linus Ullmark without a rebound.
19:51 of 2nd period - Kirby Dach wins face-off versus Emil Bemstrom in NORTH DAKOTA HAWKS zone.
Goals for this period are 1 for SAN FRANCISCO SPIDERS vs 1 for NORTH DAKOTA HAWKS.
Shots for this period are 16 for SAN FRANCISCO SPIDERS vs 10 for NORTH DAKOTA HAWKS.

3rd period


0:01 of 3rd period - Sebastian Aho wins face-off versus Jack Hughes in neutral zone.
0:06 of 3rd period - Shot by Jared McCann.
0:06 of 3rd period - Stopped by Linus Ullmark without a rebound.
0:07 of 3rd period - Sebastian Aho wins face-off versus Jack Hughes in NORTH DAKOTA HAWKS zone.
0:40 of 3rd period - Shot by Jack Hughes.
0:40 of 3rd period - Shot Misses the Net.
1:08 of 3rd period - Shot by Kirby Dach.
1:08 of 3rd period - Stopped by Linus Ullmark without a rebound.
1:09 of 3rd period - Bo Horvat wins face-off versus Frederick Gaudreau in NORTH DAKOTA HAWKS zone.
1:28 of 3rd period - Shot by Bo Horvat.
1:28 of 3rd period - Stopped by Linus Ullmark without a rebound.
1:29 of 3rd period - Nick Suzuki wins face-off versus Kirby Dach in NORTH DAKOTA HAWKS zone.
1:36 of 3rd period - Shot by Nick Suzuki.
1:36 of 3rd period - Shot Misses the Net.
1:38 of 3rd period - Shot by Nick Suzuki.
1:38 of 3rd period - Shot Misses the Net.
1:40 of 3rd period - Shot by Jake DeBrusk.
1:40 of 3rd period - Shot Misses the Net.
1:42 of 3rd period - Shot by Nick Suzuki.
1:42 of 3rd period - Shot Misses the Net.
1:44 of 3rd period - Shot by Reyley Smith.
1:44 of 3rd period - Deflect By Jake DeBrusk.
1:44 of 3rd period - Stopped by Igor Shesterkin without a rebound.
1:45 of 3rd period - Bo Horvat wins face-off versus Emil Bemstrom in SAN FRANCISCO SPIDERS zone.
1:56 of 3rd period - Frederick Gaudreau is hit by Andrei Svechnikov and loses puck.
2:06 of 3rd period - Minor Penalty to Dillon Dube for Holding.
2:07 of 3rd period - Sebastian Aho wins face-off versus Frederick Gaudreau in NORTH DAKOTA HAWKS zone.
2:22 of 3rd period - Shot by Jared McCann.
2:22 of 3rd period - Stopped by Linus Ullmark without a rebound.
2:23 of 3rd period - Bo Horvat wins face-off versus Frederick Gaudreau in NORTH DAKOTA HAWKS zone.
2:30 of 3rd period - Garnet Hathaway is hit by Zach Hyman and loses puck.
2:41 of 3rd period - Michael Anderson is hit by Garnet Hathaway.
3:08 of 3rd period - Shot by Bo Horvat.
3:08 of 3rd period - Shot Blocked by Erik Johnson.
3:21 of 3rd period - Icing by Darnell Nurse.
3:22 of 3rd period - Sebastian Aho wins face-off versus Frederick Gaudreau in SAN FRANCISCO SPIDERS zone.
3:24 of 3rd period - Icing by Jared McCann.
3:25 of 3rd period - Sebastian Aho wins face-off versus Frederick Gaudreau in SAN FRANCISCO SPIDERS zone.
4:27 of 3rd period - Shot by Eeli Tolvanen.
4:27 of 3rd period - Deflect By Kirby Dach.
4:27 of 3rd period - Stopped by Linus Ullmark without a rebound.
4:28 of 3rd period - Dakota Joshua wins face-off versus Nick Suzuki in NORTH DAKOTA HAWKS zone.
4:28 of 3rd period - Dakota Joshua is hit by Erik Johnson.
4:38 of 3rd period - Jacob Middleton is hit by Reyley Smith and loses puck.
4:39 of 3rd period - Minor Penalty to Jake DeBrusk for Roughing.
4:40 of 3rd period - Bo Horvat wins face-off versus Frederick Gaudreau in NORTH DAKOTA HAWKS zone.
4:47 of 3rd period - Shot by Viktor Arvidsson.
4:47 of 3rd period - Deflect By Bo Horvat.
4:47 of 3rd period - Shot Misses the Net.
4:49 of 3rd period - Shot by Bo Horvat.
4:49 of 3rd period - Stopped by Linus Ullmark without a rebound.
4:50 of 3rd period - Frederick Gaudreau wins face-off versus Sebastian Aho in NORTH DAKOTA HAWKS zone.
5:05 of 3rd period - Shot by Jared McCann.
5:05 of 3rd period - Stopped by Linus Ullmark without a rebound.
5:06 of 3rd period - Frederick Gaudreau wins face-off versus Bo Horvat in NORTH DAKOTA HAWKS zone.
5:23 of 3rd period - Icing by Sean Durzi.
5:24 of 3rd period - Bo Horvat wins face-off versus Frederick Gaudreau in SAN FRANCISCO SPIDERS zone.
5:31 of 3rd period - Shot by Viktor Arvidsson.
5:31 of 3rd period - Shot Blocked by Mathew Dumba.
5:33 of 3rd period - Shot by Sean Durzi.
5:33 of 3rd period - Shot Blocked by Mathew Dumba.
6:17 of 3rd period - Shot by Andrei Svechnikov.
6:17 of 3rd period - Stopped by Linus Ullmark with a rebound.
6:19 of 3rd period - Shot by Darnell Nurse.
6:19 of 3rd period - Shot Misses the Net.
6:21 of 3rd period - Shot by Brenden Dillon.
6:21 of 3rd period - Stopped by Linus Ullmark without a rebound.
6:22 of 3rd period - Sebastian Aho wins face-off versus Frederick Gaudreau in NORTH DAKOTA HAWKS zone.
7:11 of 3rd period - Icing by Jacob Middleton.
7:12 of 3rd period - Nick Suzuki wins face-off versus Kirby Dach in SAN FRANCISCO SPIDERS zone.
7:25 of 3rd period - Shot by Jake DeBrusk.
7:25 of 3rd period - Shot Blocked by Jacob Middleton.
7:27 of 3rd period - Shot by Jake DeBrusk.
7:27 of 3rd period - Shot Misses the Net.
7:29 of 3rd period - Shot by Reyley Smith.
7:29 of 3rd period - Deflect By Jake DeBrusk.
7:29 of 3rd period - Stopped by Igor Shesterkin without a rebound.
7:30 of 3rd period - Sebastian Aho wins face-off versus Jack Hughes in SAN FRANCISCO SPIDERS zone.
7:30 of 3rd period - Sebastian Aho is hit by Jason Robertson.
7:45 of 3rd period - Sebastian Aho is hit by Mathew Dumba and loses puck.
8:41 of 3rd period - Shot by Andrei Svechnikov.
8:41 of 3rd period - Stopped by Linus Ullmark with a rebound.
9:03 of 3rd period - Shot by Reyley Smith.
9:03 of 3rd period - Stopped by Igor Shesterkin without a rebound.
9:04 of 3rd period - Dillon Dube wins face-off versus Kyle Palmieri in SAN FRANCISCO SPIDERS zone.
9:19 of 3rd period - Shot by Dillon Dube.
9:19 of 3rd period - Stopped by Igor Shesterkin without a rebound.
9:20 of 3rd period - Dakota Joshua wins face-off versus Alex Belzile in SAN FRANCISCO SPIDERS zone.
9:20 of 3rd period - Dakota Joshua is hit by Garnet Hathaway.
9:30 of 3rd period - Shot by Nathan Walker.
9:30 of 3rd period - Shot Blocked by Darnell Nurse.
9:43 of 3rd period - Icing by Ryan Lindgren.
9:44 of 3rd period - Alex Belzile wins face-off versus Bo Horvat in NORTH DAKOTA HAWKS zone.
9:53 of 3rd period - Shot by Viktor Arvidsson.
9:53 of 3rd period - Stopped by Linus Ullmark without a rebound.
9:54 of 3rd period - Sebastian Aho wins face-off versus Nick Suzuki in NORTH DAKOTA HAWKS zone.
10:04 of 3rd period - Off-side.
10:05 of 3rd period - Bo Horvat wins face-off versus Frederick Gaudreau in neutral zone.
10:51 of 3rd period - Shot by Andrei Svechnikov.
10:51 of 3rd period - Deflect By Bo Horvat.
10:51 of 3rd period - Shot Misses the Net.
11:19 of 3rd period - Shot by Zach Hyman.
11:19 of 3rd period - Goal by Zach Hyman - SAN FRANCISCO SPIDERS : 3 - NORTH DAKOTA HAWKS : 1.
11:20 of 3rd period - Jack Hughes wins face-off versus Kirby Dach in neutral zone.
11:33 of 3rd period - Shot by Kirby Dach.
11:33 of 3rd period - Stopped by Linus Ullmark with a rebound.
11:37 of 3rd period - Shot by Eeli Tolvanen.
11:37 of 3rd period - Deflect By Kyle Palmieri.
11:37 of 3rd period - Shot Blocked by Ryan Lindgren.
12:26 of 3rd period - Icing by Luke Hughes.
12:27 of 3rd period - Alex Belzile wins face-off versus Kirby Dach in SAN FRANCISCO SPIDERS zone.
12:56 of 3rd period - Jacob Middleton is hit by Garnet Hathaway and loses puck.
13:10 of 3rd period - Icing by Zach Hyman.
13:11 of 3rd period - Sebastian Aho wins face-off versus Nick Suzuki in SAN FRANCISCO SPIDERS zone.
13:22 of 3rd period - Shot by Reyley Smith.
13:22 of 3rd period - Deflect By Nick Suzuki.
13:22 of 3rd period - Shot Misses the Net.
13:24 of 3rd period - Shot by Jake DeBrusk.
13:24 of 3rd period - Goal by Jake DeBrusk - SAN FRANCISCO SPIDERS : 3 - NORTH DAKOTA HAWKS : 2.
13:25 of 3rd period - Bo Horvat wins face-off versus Frederick Gaudreau in neutral zone.
13:39 of 3rd period - Shot by Viktor Arvidsson.
13:39 of 3rd period - Shot Blocked by Connor Clifton.
13:41 of 3rd period - Shot by Bo Horvat.
13:41 of 3rd period - Stopped by Linus Ullmark with a rebound.
13:43 of 3rd period - Shot by Viktor Arvidsson.
13:43 of 3rd period - Goal by Viktor Arvidsson - SAN FRANCISCO SPIDERS : 4 - NORTH DAKOTA HAWKS : 2.
13:44 of 3rd period - Sebastian Aho wins face-off versus Nick Suzuki in neutral zone.
13:51 of 3rd period - Shot by Zach Hyman.
13:51 of 3rd period - Goal by Zach Hyman - SAN FRANCISCO SPIDERS : 5 - NORTH DAKOTA HAWKS : 2.
13:52 of 3rd period - Bo Horvat wins face-off versus Nick Suzuki in neutral zone.
13:52 of 3rd period - Viktor Arvidsson is hit by Nick Suzuki and loses puck.
13:59 of 3rd period - Bo Horvat is hit by Reyley Smith and loses puck.
14:14 of 3rd period - Shot by Nick Suzuki.
14:14 of 3rd period - Stopped by Igor Shesterkin without a rebound.
14:15 of 3rd period - Sebastian Aho wins face-off versus Jack Hughes in SAN FRANCISCO SPIDERS zone.
14:27 of 3rd period - Shot by Jared McCann.
14:27 of 3rd period - Shot Misses the Net.
14:29 of 3rd period - Shot by Jacob Middleton.
14:29 of 3rd period - Stopped by Linus Ullmark without a rebound.
14:30 of 3rd period - Nick Suzuki wins face-off versus Viktor Arvidsson in NORTH DAKOTA HAWKS zone.
14:30 of 3rd period - Nick Suzuki is hit by Andrei Svechnikov.
14:35 of 3rd period - Jake DeBrusk is hit by Michael Anderson and loses puck.
14:49 of 3rd period - Nick Suzuki is hit by Sean Durzi and loses puck.
15:09 of 3rd period - Nick Suzuki is hit by Andrei Svechnikov and loses puck.
16:35 of 3rd period - Off-side.
16:36 of 3rd period - Jack Hughes wins face-off versus Dakota Joshua in neutral zone.
16:54 of 3rd period - Sean Durzi is hit by Joel Hanley and loses puck.
17:03 of 3rd period - Jack Hughes is hit by Dakota Joshua and loses puck.
17:43 of 3rd period - Shot by Nick Suzuki.
17:43 of 3rd period - Shot Blocked by Viktor Arvidsson.
17:45 of 3rd period - Shot by Nick Suzuki.
17:45 of 3rd period - Shot Blocked by Brenden Dillon.
17:47 of 3rd period - Shot by Reyley Smith.
17:47 of 3rd period - Shot Misses the Net.
17:51 of 3rd period - Shot by Reyley Smith.
17:51 of 3rd period - Stopped by Igor Shesterkin without a rebound.
17:52 of 3rd period - Alex Belzile wins face-off versus Sebastian Aho in SAN FRANCISCO SPIDERS zone.
17:55 of 3rd period - Shot by Nathan Walker.
17:55 of 3rd period - Shot Blocked by Darnell Nurse.
17:58 of 3rd period - Icing by Jacob Middleton.
17:59 of 3rd period - Garnet Hathaway wins face-off versus Jared McCann in SAN FRANCISCO SPIDERS zone.
18:03 of 3rd period - Icing by Darnell Nurse.
18:04 of 3rd period - Sebastian Aho wins face-off versus Jack Hughes in SAN FRANCISCO SPIDERS zone.
18:15 of 3rd period - Shot by Jared McCann.
18:15 of 3rd period - Shot Misses the Net.
18:17 of 3rd period - Shot by Darnell Nurse.
18:17 of 3rd period - Shot Hit the Post.
18:19 of 3rd period - Shot by Jared McCann.
18:19 of 3rd period - Shot Blocked by Ben Hutton.
18:30 of 3rd period - Icing by Jason Robertson.
18:31 of 3rd period - Jack Hughes wins face-off versus Bo Horvat in NORTH DAKOTA HAWKS zone.
18:48 of 3rd period - Shot by Jack Hughes.
18:48 of 3rd period - Stopped by Igor Shesterkin without a rebound.
18:49 of 3rd period - Nick Suzuki wins face-off versus Sebastian Aho in SAN FRANCISCO SPIDERS zone.
19:06 of 3rd period - Jake DeBrusk is hit by Sebastian Aho and loses puck.
19:10 of 3rd period - Icing by Mathew Dumba.
19:11 of 3rd period - Nick Suzuki wins face-off versus Bo Horvat in NORTH DAKOTA HAWKS zone.
19:13 of 3rd period - Minor Penalty to Andrei Svechnikov for Roughing.
19:14 of 3rd period - Jack Hughes wins face-off versus Zach Hyman in SAN FRANCISCO SPIDERS zone.
19:24 of 3rd period - Shot by Ryan Lindgren.
19:24 of 3rd period - Stopped by Igor Shesterkin with a rebound.
Goals for this period are 3 for SAN FRANCISCO SPIDERS vs 1 for NORTH DAKOTA HAWKS.
Shots for this period are 17 for SAN FRANCISCO SPIDERS vs 9 for NORTH DAKOTA HAWKS.


BLAKE
WHEELER
STEVEN
STAMKOS
DREW
DOUGHTY

EAST COAST

HOCKEY LEAGUE

  • 63.RHI2PIT5
  • 64.WOR4ATL3
  • 65.QUECHW
  • 66.CHATRV